 Dungeon Crawl Stone Soup version 0.21-a0-531-gacddea6 (webtiles) character file.

323 ninu the Cleaver (level 6, -6/51 HPs)
             Began as a Minotaur Fighter on Dec 13, 2017.
             Mangled by an ogre
             ... wielding a +0 giant club
              (17 damage)
             ... on level 4 of the Dungeon.
             The game lasted 00:05:25 (3664 turns).

ninu the Cleaver (Minotaur Fighter)                 Turns: 3664, Time: 00:05:26

Health: -6/51      AC:  8    Str: 22    XL:     6   Next: 23%
Magic:  5/5        EV:  7    Int:  5    God:
Gold:   207        SH:  9    Dex: 10    Spells: 5/5 levels left

rFire    . . .     SeeInvis .   a - +0 war axe
rCold    . . .     Gourm    .   c - +0 shield
rNeg     . . .     Faith    .   b - +0 scale mail
rPois    .         Spirit   .   (helmet restricted)
rElec    .         Reflect  .   r - +0 cloak
rCorr    .         Harm     .   (no gloves)
MR       .....                  (no boots)
Stlth    ..........             (no amulet)
HPRegen  0.17/turn              (no ring)
MPRegen  0.09/turn              (no ring)

@: no status effects
A: retaliatory headbutt, horns 2
a: no special abilities


You were on level 4 of the Dungeon.
You were not hungry.

You visited 1 branch of the dungeon, and saw 4 of its levels.

You collected 207 gold pieces.

Inventory:

Hand Weapons
 a - a +0 war axe (weapon)
Missiles
 q - a javelin (quivered)
Armour
 b - a +0 scale mail (worn)
 c - a +0 shield (worn)
 r - a +0 cloak (worn)
Wands
 v - a wand of paralysis (20)
Scrolls
 e - 3 scrolls of teleportation {unknown}
 i - 3 scrolls of remove curse {unknown}
 j - 3 scrolls of magic mapping {unknown}
 k - 5 scrolls of identify {unknown}
 s - a scroll of blinking {unknown}
 t - a scroll of enchant weapon {unknown}
Potions
 d - 2 potions of might
 g - 3 potions of curing {unknown}
 h - a potion of lignification {unknown}
 n - 2 potions of degeneration {unknown}
 p - a potion of heal wounds {unknown}
 w - a potion of flight {unknown}
Comestibles
 f - 4 bread rations
 l - 7 fruits
 m - 3 meat rations
 o - 2 royal jellies
 u - 3 chunks of flesh


   Skills:
 - Level 3.6 Fighting
 + Level 8.0 Axes
 - Level 3.6 Armour
 - Level 3.6 Shields


You had 5 spell levels left.
You didn't know any spells.

Dungeon Overview and Level Annotations

Branches:
Dungeon (4/15)
 Temple: D:4-7

Altars:
Nemelex Xobeh
Xom
Zin


Innate Abilities, Weirdness & Mutations

You reflexively headbutt those who attack you in melee.
You have a pair of horns on your head.


Message History

Spoiler Alert: The ogre (wandering) can hit for high damage in melee!
The ogre shouts!
The ogre hits you with a giant club!!
Ouch! That really hurt!
Found 12 gold pieces.
You take 26 damage, and have 25/51 hp.
MASSIVE DAMAGE!!
Spoiler Alert: The ogre can hit for high damage in melee!
You completely miss the ogre. The ogre hits you with a giant club!
* * * LOW HITPOINT WARNING * * *
You take 11 damage, and have 14/51 hp.
MASSIVE DAMAGE!!
Your shield and scale mail prevent you from hitting the ogre.
The ogre hits you with a giant club.
* * * LOW HITPOINT WARNING * * *
You take 4 damage, and have 10/51 hp.
Spoiler Alert: The ogre can hit for high damage in melee!
Things that are here:
a short sword; a robe
Aim: an ogre, wielding a giant club You throw a javelin.
The javelin hits the ogre.
The ogre hits you with a giant club!
You die...

#.# #.# #.. #. #.# #.# #.#
#. #.# #)# #.# ## #.# #)#
#.# ##.##### #(# #.#
..(....###(#####.###.##
...............(...$..#
.###.#.......###O# ..# ##
#.#.#####.# #@###..#### #
#.#.# #.# #.......... #
#.#.# #.# #.%....#### #
#.#.## #.# #..###.# #
#....# #.# #..# #.# #
###..# #.# #..# #.# #
##...# #.# #..# #.######.
#
#....####.###<.###........
#...................# ##


You could see an ogre.

Vanquished Creatures
  Blork the orc (D:4)
  A centaur zombie (D:4)
  Natasha (D:4)
  An iguana (D:4)
  Robin (D:3)
  4 adders
  An ooze (D:1)
  An adder skeleton (D:4)
  A worm (D:2)
  2 dart slugs (D:1)
  6 leopard geckos
  11 orcs
  A ball python (D:2)
  3 giant cockroaches
  20 goblins
  9 hobgoblins
  14 kobolds
  10 bats
  4 frilled lizards
  9 rats
101 creatures vanquished.

Notes
Turn   | Place    | Note
-------+----------+-------------------------------------------
     0 | D:1      | ninu the Minotaur Fighter began the quest for the Orb.
     0 | D:1      | Reached XP level 1. HP: 19/19 MP: 0/0
    28 | D:1      | Reached skill level 3 in Axes
    36 | D:1      | Reached XP level 2. HP: 17/26 MP: 1/1
   486 | D:1      | Reached skill level 4 in Axes
   543 | D:1      | Reached XP level 3. HP: 22/31 MP: 2/2
  1192 | D:2      | Reached skill level 5 in Axes
  1684 | D:2      | Reached XP level 4. HP: 39/39 MP: 3/3
  1860 | D:2      | Found a sparkling altar of Nemelex Xobeh.
  1929 | D:2      | Found a glowing silver altar of Zin.
  1930 | D:2      | Found a shimmering altar of Xom.
  1930 | D:2      | Noticed an angel
  2776 | D:3      | Noticed Robin
  2784 | D:3      | Killed Robin
  2784 | D:3      | Reached skill level 6 in Axes
  2945 | D:3      | Reached XP level 5. HP: 41/45 MP: 4/4
  3364 | D:4      | Reached skill level 7 in Axes
  3498 | D:4      | Noticed Natasha
  3504 | D:4      | Killed Natasha
  3507 | D:4      | Noticed Blork the orc
  3522 | D:4      | Killed Blork the orc
  3522 | D:4      | Reached XP level 6. HP: 38/51 MP: 5/5
  3529 | D:4      | Reached skill level 8 in Axes
  3664 | D:4      | Mangled by an ogre

Vault maps used:
D:1:      dpeg_arrival_pond, minmay_tetromino_i4
D:2:      grunt_temple_overflow_order_and_chaos_1, first_bread,
          serial_park_tiny_1, nemelex_altar_shiori
D:3:      uniq_robin
D:4:      uniq_crazy_yiuf_cottage, uniq_natasha, uniq_blork_the_orc

Skill      XL: |  1  2  3  4  5  6 |
---------------+-------------------+-----
Axes           | 3 4 5 6 7 8 |  8.0
Fighting       | |  3.6
Armour         | |  3.6
Shields        | |  3.6

Action                   |  1- 3 |  4- 6 || total
-------------------------+-------+-------++-------
Melee: War axe           |   111 |   132 ||   243
       Headbutt          |    10 |    15 ||    25
Throw: Javelin           |       |     1 ||     1
  Eat: Chunk             |     2 |     7 ||     9
Armor: Scale mail        |    70 |    49 ||   119
Dodge: Dodged            |    37 |    33 ||    70
Block: Shield            |    59 |    64 ||   123

Table legend:
 A = Spawn XP
 B = Non-spawn XP
 C = Spawn XP percentage of total XP
 D = Spawn monster count
 E = Non-spawn monster count
 F = Spawn count percentage of total count
 G = Total turns spent on level
                    A         B        C        D         E        F      G
               +---------+---------+-------+---------+---------+-------+---------
         Total |       0 |     462 |   0.0 |       0 |     101 |   0.0 |  3664
               +---------+---------+-------+---------+---------+-------+---------
           D:1 |       0 |      68 |   0.0 |       0 |      35 |   0.0 |  1154
           D:2 |       0 |      56 |   0.0 |       0 |      18 |   0.0 |  1272
           D:3 |       0 |      74 |   0.0 |       0 |      28 |   0.0 |   796
           D:4 |       0 |     264 |   0.0 |       0 |      20 |   0.0 |   442
               +---------+---------+-------+---------+---------+-------+---------
